 Dungeon Crawl Stone Soup version 0.31-a0-1540-g5a0b83f448 (webtiles) character file.

Game seed: 16587414319235620461

555 grandjackal the Trooper (level 7, -4/78 HPs)
             Began as an Oni Warper on Jan 2, 2024.
             Slain by a river rat (7 damage)
             ... summoned by Eustachio
             ... on level 4 of the Dungeon.
             The game lasted 00:02:58 (3026 turns).

grandjackal the Trooper (Oni Warper)                Turns: 3026, Time: 00:02:59

Health: -4/78      AC:  4    Str: 16    XL:     7   Next: 30%
Magic:  10/10      EV:  9    Int: 16    God:
Gold:   156        SH:  0    Dex:  8    Spells: 8/10 levels left

rFire   . . .        i - +2 hand axe (freeze)
rCold   . . .        (no shield)
rNeg    . . .        b - +0 robe
rPois   .            (helmet restricted)
rElec   .            m - +0 cloak
rCorr   .            (gloves unavailable)
SInv    .            (boots unavailable)
Will    .....        (no amulet)
Stlth   +            p - ring of wizardry
HPRegen 0.33/turn    (no ring)
MPRegen 0.12/turn

%: wizardry (x1)
@: no status effects
A: large, unfitting armour, horns 1, tough skin 1, double potion healing,
drunken brawling
a: no special abilities


You were on level 4 of the Dungeon.
You visited 1 branch of the dungeon, and saw 4 of its levels.

You collected 156 gold pieces.

Inventory:

Hand Weapons
 a - a +0 mace
 i - a +2 hand axe of freezing (weapon)
Missiles
 d - 7 darts of dispersal (quivered)
 o - 5 poisoned darts
Armour
 b - a +0 robe (worn)
 h - a scarf of repulsion
 m - a +0 cloak (worn)
Jewellery
 p - a ring of wizardry (left hand)
Scrolls
 c - a scroll of blinking
 e - 3 scrolls of fear {unknown}
 f - a scroll of amnesia {unknown}
 j - a scroll of noise {unknown}
 l - a scroll of teleportation {unknown}
 q - a scroll of identify {unknown}
 s - a scroll of immolation {unknown}
 t - a scroll of enchant weapon {unknown}
Potions
 g - 3 potions of curing
 k - a potion of heal wounds {unknown}
 n - a potion of might {unknown}
 r - a potion of degeneration {unknown}


   Skills:
 + Level 7.4 Fighting
 + Level 5.6 Maces & Flails
 - Level 1.0 Throwing
 - Level 2.1 Dodging
 - Level 2.4 Spellcasting
 - Level 2.6 Translocations


You had 8 spell levels left.
You knew the following spells:

 Your Spells              Type           Power      Damage    Failure   Level
a - Blink                 Tloc           20%        N/A       4%          2

Your spell library contained the following spells:

 Spells                   Type           Power      Damage    Failure   Level
 Lesser Beckoning         Tloc           20%        N/A       4%          2
 Teleport Other           Tloc           10%        N/A       9%          3
 Manifold Assault         Tloc           10%        N/A       26%         4
 Vhi's Electric Charge    Tloc/Air       12%        N/A       41%         4


Dungeon Overview and Level Annotations

Branches:
Dungeon (4/15)
 Temple: D:4-7

Altars:

Annotations:
D:4 Eustachio


Innate Abilities, Weirdness & Mutations

You are too large for most types of armour.
You have a pair of small horns on your head.
You have tough skin. (AC +1)
You gain doubled healing and magic from potions.
Whenever you drink a healing potion, you attack all around you.


Message History

You barely miss Eustachio.
Eustachio is severely wounded.
You barely miss the bat. You hit the river rat but do no damage.
You hit the quokka. You freeze the quokka.
You kill the quokka!
The quokka's corpse disappears in a puff of smoke!
The bat hits you but does no damage. The river rat barely misses you.
Eustachio hits you but does no damage. The bat barely misses you.
You hit Eustachio but do no damage. Your headbutt misses Eustachio.
Eustachio is severely wounded.
You hit the river rat but do no damage. You barely miss the bat.
The bat hits you but does no damage. The river rat closely misses you.
Eustachio casts a spell.
Eustachio blinks!
Unknown command.
The bat hits you.
* * * LOW HITPOINT WARNING * * *
You closely miss Eustachio. Your headbutt misses Eustachio.
Eustachio is severely wounded.
You completely miss the river rat. The bat closely misses you.
The river rat bites you.
* * * LOW HITPOINT WARNING * * *
Eustachio barely misses you. The river rat bites you.
* * * LOW HITPOINT WARNING * * *
You completely miss Eustachio. Your headbutt misses Eustachio.
Eustachio is severely wounded.
You barely miss the bat. You hit the river rat but do no damage.
The bat hits you.
* * * LOW HITPOINT WARNING * * *
Eustachio screams, "Hey, you killed my favourite bat!"
Eustachio hits you but does no damage. The bat closely misses you.
The river rat bites you.
* * * LOW HITPOINT WARNING * * *
You closely miss Eustachio.
Eustachio is severely wounded.
You closely miss the river rat. You barely miss the bat.
The bat completely misses you. Eustachio hits you with a +0 rapier.
* * * LOW HITPOINT WARNING * * *
The river rat bites you!
You die...

#......##............
#.......'............
#......##............
#......##.......###..
#......##.......# #..
#......##.......###.#
###......##...........#
#........##...........#
#....r@@.##...........#
#.....b..##............
#...#######........>...
#...# #..........#.
#...# #..........##
#...# #..........#
#...# #..........#
#...# ############
#...#


You could see Eustachio, a river rat (summoned) and a bat (summoned).

Vanquished Creatures
  Sigmund (D:2)
  An ogre (D:4)
  A scorpion (D:3)
  An orc priest (D:3)
  Natasha (thrice) (D:2)
  Terence (D:2)
  An orc wizard (D:4)
  A gnoll (D:1)
  2 adders (D:3)
  13 orcs
  5 endoplasms
  4 giant cockroaches
  4 hobgoblins
  3 jackals (D:2)
  A quokka (D:2)
  3 ball pythons
  8 bats
  4 frilled lizards
  4 goblins
  6 kobolds
  3 rats
70 creatures vanquished.

Notes
Turn   | Place    | Note
-------+----------+-------------------------------------------
     0 | D:1      | grandjackal the Oni Warper began the quest for the Orb.
     0 | D:1      | Reached XP level 1. HP: 22/22 MP: 3/3
    11 | D:1      | Found a faded altar of an unknown god.
    53 | D:1      | Reached skill level 3 in Fighting
    53 | D:1      | Reached XP level 2. HP: 14/31 MP: 5/5
   523 | D:1      | Reached XP level 3. HP: 39/39 MP: 6/6
   860 | D:2      | Learned a level 2 spell: Blink
   862 | D:2      | Noticed Terence
   873 | D:2      | Killed Terence
   874 | D:2      | Reached skill level 4 in Fighting
  1001 | D:2      | Noticed Sigmund
  1007 | D:2      | Killed Sigmund
  1008 | D:2      | Reached skill level 5 in Fighting
  1008 | D:2      | Reached XP level 4. HP: 39/52 MP: 7/7
  1008 | D:2      | Reached XP level 5. HP: 45/59 MP: 8/8
  1104 | D:2      | Noticed Natasha
  1111 | D:2      | Killed Natasha
  1112 | D:2      | Reached skill level 6 in Fighting
  1112 | D:2      | Reached XP level 6. HP: 52/67 MP: 9/9
  1158 | D:2      | Noticed Natasha
  1165 | D:2      | Killed Natasha
  1573 | D:2      | Noticed Natasha
  1580 | D:2      | Killed Natasha
  1991 | D:3      | Reached skill level 5 in Maces & Flails
  2552 | D:3      | Reached skill level 7 in Fighting
  2555 | D:3      | Reached XP level 7. HP: 74/78 MP: 10/10
  2993 | D:4      | Noticed Eustachio
  3026 | D:4      | HP: 3/78 [Eustachio/+0 rapier (6)]
  3026 | D:4      | Slain by a river rat

Illustrated notes

Levels and vault maps discovered:
D:1:      saegor_arrival_simple_a, layout_basic,
          shapermc_ecumenical_altar_ellora
D:2:      layout_basic, dk_noncrumbling_2, corexii_hall_statues_x,
          chequers_mini_garden, uniq_natasha, uniq_terence, uniq_sigmund
D:3:      layout_loops_ring
D:4:      layout_basic, nicolae_ashenzari_panopticon, portal_sewer_entry_d,
          uniq_eustachio

Skill      XL: |  1  2  3  4  5  6 |
---------------+-------------------+-----
Fighting       | 3 5 6 7 |  7.4
Maces & Flails | 4 5 |  5.6
Throwing       | |  1.0
Dodging        | |  2.1
Spellcasting   | |  2.4
Translocations | |  2.6

Action                     |  1- 3 |  4- 6 |  7- 9 || total
---------------------------+-------+-------+-------++-------
  Melee: Mace              |    35 |       |       ||    35
         Headbutt          |    11 |     5 |     9 ||    25
         Hand axe          |    25 |    88 |    46 ||   159
         Punch             |     1 |     1 |       ||     2
    Use: Potion            |       |       |     1 ||     1
   Stab: Sleeping          |     2 |       |       ||     2
 Armour: Robe              |    59 |    74 |    61 ||   194
  Dodge: Dodged            |    32 |    38 |    43 ||   113

Table legend: (Time is in decaauts)
 A = Elapsed time spent in this place.
 B = Non-inter-level travel time spent in this place.
 C = Inter-level travel time spent in this place.
 D = Time resting spent in this place.
 E = Time spent auto-exploring this place.
 F = Levels seen in this place.
 G = Mean time per level.
                   A        B        C        D        E       F      G
               +--------+--------+--------+--------+--------+-----+--------+
         Total |   3059 |   3014 |     45 |    883 |   1581 |   4 |  764.8 |
       Dungeon |   3059 |   3014 |     45 |    883 |   1581 |   4 |  764.8 |
               +--------+--------+--------+--------+--------+-----+--------+

Top non-repeatable levels by time:
     D:1: 964 daAuts
     D:3: 963 daAuts
     D:2: 843 daAuts
     D:4: 287 daAuts
